 Seeded DCSS version 0.30-a0-374-g95c0257040 (webtiles) character file.

Game seed: 997338803894017733 (custom seed)

2391 flotson the Trooper (level 9, -7/69 HPs)
             Began as a Demonspawn Delver on Nov 25, 2022.
             Shot with an arrow by a centaur (20 damage)
             ... on level 7 of the Dungeon.
             The game lasted 00:10:22 (5371 turns).

flotson the Trooper (Demonspawn Delver)             Turns: 5371, Time: 00:10:22

Health: -7/69      AC:  9    Str: 16    XL:     9   Next: 22%
Magic:  9/9        EV: 13    Int: 18    God:
Gold:   95         SH: 11    Dex: 20    Spells: 8/8 levels left

rFire   + . .      SeeInvis .    a - +7 trident "Bynlif" {freeze, Dex+3}
rCold   . . .      Faith    .    r - +0 buckler
rNeg    . . .      Spirit   .    y - +0 ring mail
rPois   .          Reflect  +    (helmet restricted)
rElec   .          Harm     .    n - +0 cloak
rCorr   +          Rampage  .    b - +1 pair of gloves of Okawaru's Inspiration {Will+ Int+3}
Will    +....                    (no boots)
Stlth   ++........               E - amulet of reflection
HPRegen 0.31/turn                h - ring "Yxkogo" {rCorr Int+2 Dex+3}
MPRegen 0.22/turn                x - ring of protection from fire

@: no status effects
A: horns 1, ignite blood 1, magic regeneration
a: no special abilities


You were on level 7 of the Dungeon.
You visited 2 branches of the dungeon, and saw 8 of its levels.

You collected 472 gold pieces.
You spent 377 gold pieces at shops.

Inventory:

Hand Weapons
 a - the +7 trident "Bynlif" (weapon) {freeze, Dex+3}
   (You bought it in a shop on level 4 of the Dungeon)

   It freezes those it strikes, dealing additional cold damage.
   It can also slow down cold-blooded creatures.
   Dex:       It affects your dexterity (+3).
Missiles
 l - 3 atropa-tipped darts
 p - 5 javelins (quivered)
 u - 5 boomerangs
 w - 11 poisoned darts
Armour
 b - the +1 pair of gloves of Okawaru's Inspiration (worn) {Will+ Int+3}
   (You found it on level 2 of the Dungeon)

   Int:       It affects your intelligence (+3).
   Will:      It increases your willpower.
 n - a +0 cloak (worn)
 r - a +0 buckler (worn)
 y - a +0 ring mail (worn)
Jewellery
 h - the ring "Yxkogo" (left hand) {rCorr Int+2 Dex+3}
   (You found it on level 4 of the Dungeon)

   [ring of resist corrosion]

   Int:       It affects your intelligence (+2).
   Dex:       It affects your dexterity (+3).
   rCorr:     It protects you from acid and corrosion.
 x - a ring of protection from fire (right hand)
 E - an amulet of reflection (around neck)
 H - a ring of see invisible
Wands
 g - a wand of digging (3)
 j - a wand of flame (23)
 M - a wand of acid (12)
Scrolls
 c - a scroll of fog
 d - 2 scrolls of magic mapping
 e - 3 scrolls of fear
 i - 6 scrolls of teleportation {unknown}
 k - 9 scrolls of identify {unknown}
 o - 2 scrolls of enchant weapon {unknown}
 s - 2 scrolls of amnesia {unknown}
 D - a scroll of immolation {unknown}
 F - a scroll of blinking {unknown}
 I - a scroll of noise {unknown}
 J - a scroll of silence {unknown}
 K - a scroll of butterflies {unknown}
 L - a scroll of vulnerability {unknown}
Potions
 f - 4 potions of haste
 m - a potion of berserk rage {unknown}
 q - 3 potions of invisibility {unknown}
 t - a potion of degeneration {unknown}
 v - a potion of flight {unknown}
 z - 2 potions of mutation {unknown}
 A - 2 potions of brilliance {unknown}
 B - a potion of lignification {unknown}
 C - 3 potions of curing {unknown}
 G - 3 potions of heal wounds {unknown}


   Skills:
 + Level 5.6 Fighting
 + Level 4.1 Polearms
 + Level 4.0 Throwing
 + Level 4.1 Armour
 + Level 4.6 Dodging
 - Level 4.5 Stealth
 + Level 4.1 Shields
 + Level 4.5 Evocations


You had 8 spell levels left.
You didn't know any spells.
Your spell library contained the following spells:

 Spells                   Type           Power      Damage    Failure   Level
 Cigotuvi's Dreadful Rot  Necr/Pois/Air  0%         N/A       61%         2
 Call Canine Familiar     Summ           0%         N/A       83%         3
 Gell's Gravitas          Tloc           0%         N/A       83%         3
 Lesser Beckoning         Tloc           0%         N/A       83%         3
 Portal Projectile        Hex/Tloc       0%         N/A       83%         3
 Teleport Other           Tloc           0%         N/A       83%         3
 Dispel Undead            Necr           0%         3d6       99%         4
 Leda's Liquefaction      Hex/Erth       0%         N/A       99%         4
 Death Channel            Necr           0%         N/A       100%        6


Dungeon Overview and Level Annotations

Branches:
Dungeon (7/15)             Temple (1/1) D:5

Altars:
Cheibriados
Fedhas
Makhleb
Nemelex Xobeh
Ru
Sif Muna
Trog
Uskayaw
Vehumet

Shops:
D:2 :   D:4 *   D:7 :


Innate Abilities, Weirdness & Mutations

You have a pair of small horns on your head.
Your demonic aura sometimes causes spilled blood to erupt in flames.
You regenerate magic rapidly.


Message History

You barely miss the orc. Your headbutt misses the orc.
You block the orc's attack.
You hit the orc. You freeze the orc. Your headbutt misses the orc.
The orc is heavily wounded.
You block the orc's attack. The orc hits you but does no damage.
You puncture the orc! You freeze the orc.
You kill the orc!
The orc warrior hits you from afar with a +1 vorpal glaive!
You completely miss the wight. You headbutt the wight!
The wight is heavily damaged.
The orc warrior hits you from afar with a +1 vorpal glaive!
You block the wight's attack.
You closely miss the wight.
The wight is heavily damaged.
The wight barely misses you. You block the orc warrior's attack.
You hit the wight. You headbutt the wight.
You destroy the wight!
The orc warrior hits you from afar with a +1 vorpal glaive.
You reach to attack!
You hit the orc warrior but do no damage.
You block the orc warrior's attack.
You reach to attack!
You completely miss the orc warrior.
The orc warrior hits you from afar with a +1 vorpal glaive!!
The orc warrior throws a stone.
You reflect the stone off an invisible shield around you!
The stone hits the orc warrior!
An orc comes into view. It is wielding a +0 morningstar.
The orc moves out of view.
An ice beast comes into view.
The centaur shouts!
You hear a shout!
The centaur shoots an arrow.
The arrow hits you.
* * * LOW HITPOINT WARNING * * *
The centaur shoots an arrow.
The arrow hits you but does no damage.
The centaur shoots an arrow.
You reflect the arrow off an invisible shield around you!
The arrow hits the centaur!
The centaur shoots an arrow.
The arrow hits you!
* * * LOW HITPOINT WARNING * * *
You are electrocuted!!
You die...

#......⌠.⌠.#########........
#..........##<..............
#.......∩...................
#...........#########.######
#......⌠.⌠..# #.........
#...........#######.o.......
#########'#.................
##.#.................
#..#@.###.#####.#####
#.##..##...##..#..#
#)##..#..#..#.....#
###.##..o.###..# .#..
#+#>......#..#..#.....#.
...........##...##..#..#
............###.## #.# #
..........c.# ##.# .}#
#...........# ##)# .:#


You could see an orc warrior and a centaur.

Vanquished Creatures
  Pikel (D:5)
  A kobold demonologist (D:6)
  A vampire mosquito (D:6)
  2 ice beasts
  A sky beast (D:6)
  An orc warrior (D:7)
  2 centaurs
  A phantom (D:7)
  A lemure (D:4)
  3 bullfrogs (D:6)
  2 necrophages
  3 wights (D:7)
  A howler monkey (D:6)
  4 jellies
  An orc priest (D:5)
  An orc wizard (D:4)
  5 iguanas
  6 adders
  An ufetubus (D:4)
  4 dart slugs
  2 worms (D:4)
  10 orcs
  5 bats
  3 endoplasms
  4 giant cockroaches
  5 hobgoblins
  2 quokkas (D:1)
  9 ball pythons
  A frilled lizard (D:3)
  10 goblins
  13 kobolds
  4 rats
110 creatures vanquished.

Notes
Turn   | Place    | Note
-------+----------+-------------------------------------------
     0 | D:5      | flotson the Demonspawn Delver began the quest for the Orb.
     0 | D:5      | Reached XP level 1. HP: 18/18 MP: 1/1
     0 | D:5      | Noticed a lemure
     1 | D:5      | Noticed a lemure
     1 | D:5      | Noticed a jelly
    11 | D:5      | Noticed a jelly
    22 | D:4      | Found Zeroitsu's Assorted Antiques.
    47 | D:4      | Identified the ring "Yxkogo" {rCorr Int+2 Dex+3}
   281 | D:3      | Gained mutation: You have a pair of small horns on your
                  | head. [demonic ancestry]
   281 | D:3      | Reached XP level 2. HP: 22/24 MP: 2/2
   302 | D:3      | Noticed an ice beast
   646 | D:1      | Reached skill level 1 in Evocations
   761 | D:1      | Reached XP level 3. HP: 29/29 MP: 3/3
   843 | D:1      | Found a faded altar of an unknown god.
   940 | D:1      | Reached skill level 1 in Armour
  1417 | D:2      | Identified the +1 pair of gloves of Okawaru's Inspiration
                  | {Will+ Int+3}
  1459 | D:2      | Found Xoosikki's Book Emporium.
  1614 | D:2      | Found the +7 Kryia's mail coat {PotionHeal*2 rC+}
  1933 | D:3      | Killed an ice beast
  1934 | D:3      | Reached skill level 1 in Throwing
  1934 | D:3      | Reached skill level 1 in Shields
  1934 | D:3      | Gained mutation: You regenerate magic rapidly. [demonic
                  | ancestry]
  1934 | D:3      | Reached XP level 4. HP: 37/37 MP: 4/4
  1934 | D:3      | Reached XP level 5. HP: 42/42 MP: 5/5
  2051 | D:4      | Bought a smoking trident for 221 gold pieces
  2051 | D:4      | Identified the +7 trident "Bynlif" {freeze, Dex+3} (You
                  | bought it in a shop on level 4 of the Dungeon)
  2651 | D:4      | Bought a scroll labelled KUETUOM EN LOE for 26 gold pieces
  2651 | D:4      | Bought a scroll labelled NYCVESTOTUD for 26 gold pieces
  3049 | D:4      | Found a blossoming altar of Fedhas.
  3258 | D:5      | Reached XP level 6. HP: 31/48 MP: 6/6
  3340 | D:5      | Reached skill level 4 in Fighting
  3398 | D:5      | Found a snail-covered altar of Cheibriados.
  3462 | D:5      | Found a staircase to the Ecumenical Temple.
  3477 | Temple   | Entered the Ecumenical Temple
  3674 | D:5      | Found a burning altar of Makhleb.
  3736 | D:5      | Reached XP level 7. HP: 49/54 MP: 7/7
  3843 | D:5      | Noticed Pikel
  4044 | D:5      | Found a sparkling altar of Nemelex Xobeh.
  4064 | D:5      | Killed Pikel
  4065 | D:5      | Reached XP level 8. HP: 39/61 MP: 8/8
  4595 | D:6      | Identified the +0 robe of the Thoughtful Yaks {rElec Will+
                  | Dex+3}
  4618 | D:6      | Reached skill level 5 in Fighting
  4837 | D:4      | Bought a long wooden wand for 104 gold pieces
  4884 | D:7      | Found Kozin's Vocational Training.
  5005 | D:7      | Noticed a two-headed ogre
  5007 | D:7      | Noticed a kobold demonologist
  5074 | D:7      | Noticed a red devil
  5079 | D:6      | Killed a kobold demonologist
  5080 | D:6      | Gained mutation: Your demonic aura sometimes causes spilled
                  | blood to erupt in flames. [demonic ancestry]
  5080 | D:6      | Reached XP level 9. HP: 68/68 MP: 9/9
  5240 | D:7      | Noticed a two-headed ogre
  5371 | D:7      | Shot with an arrow by a centaur

Illustrated notes

Levels and vault maps discovered:
D:1:      giann_wishing_wells, layout_basic, shapermc_ecumenical_altar_petra
D:2:      layout_loops_cross, serial_shops, nicolae_shop_hallway_stairs,
          dk_vineyard_2, chequers_serial_rivers_room_b, nrook_mini_vaults
D:3:      minmay_spotlight, layout_rooms, zin_academy,
          corexii_item_surrounded_by_moat, minmay_fountain_box
D:4:      layout_basic, mainiacjoe_overflow_boulevard, serial_shops,
          nicolae_stop_n_shop_1, minivault_23, mrwooster_statue_mirror
D:5:      layout_cave_pools, kennysheep_slug_shrine, lemuel_crystal_altar,
          nemelex_spade_bored_becter, minmay_temple_entry_waves, uniq_pikel
D:6:      layout_loops_cross, minmay_misc_feat_encased
D:7:      minmay_the_grid_square_5x5_3x3 [minmay_the_grid_square_5x5_lines,
          minmay_the_grid_square_5x5_seven,
          minmay_the_grid_square_5x5_two_walls_a,
          minmay_the_grid_square_5x5_doubleslash,
          minmay_the_grid_square_5x5_megaprize_diamond,
          minmay_the_grid_square_5x5_fat_x, minmay_the_grid_square_5x5_shuriken,
          minmay_the_grid_square_5x5_spiral_small,
          minmay_the_grid_square_5x5_shrine2], layout_basic,
          nicolae_dithmenos_the_darkroom, regret_index_temple_of_mockery,
          nicolae_shop_vocational
Temple:   nicolae_temple_superstar

Skill      XL: |  1  2  3  4  5  6  7  8  9 |
---------------+----------------------------+-----
Dodging        | 2 3 4 |  4.6
Evocations     | 1 2 3 4 |  4.5
Armour         | 1 2 3 4 |  4.1
Throwing       | 1 2 3 4 |  4.0
Shields        | 1 2 3 4 |  4.1
Polearms       | 2 3 4 |  4.1
Fighting       | 4 5 |  5.6
Stealth        | |  4.5

Action                   |  1- 3 |  4- 6 |  7- 9 || total
-------------------------+-------+-------+-------++-------
Melee: Whip              |   103 |    13 |       ||   116
       Spear             |     7 |       |       ||     7
       Headbutt          |    15 |    11 |    16 ||    42
       Trident           |       |    76 |    97 ||   173
Throw: Dart              |     3 |       |       ||     3
       Javelin           |     2 |       |     7 ||     9
  Use: Potion            |       |     1 |       ||     1
 Stab: Sleeping          |    12 |     4 |     4 ||    20
       Distracted        |     1 |       |     1 ||     2
Armor: Leather armour    |    16 |       |       ||    16
       Ring mail         |     8 |    37 |    24 ||    69
Dodge: Dodged            |    55 |    29 |    45 ||   129
Block: Buckler           |    15 |    43 |    62 ||   120
       Reflection        |       |     7 |     6 ||    13

Table legend: (Time is in decaauts)
 A = Elapsed time spent in this place.
 B = Non-inter-level travel time spent in this place.
 C = Inter-level travel time spent in this place.
 D = Time resting spent in this place.
 E = Time spent auto-exploring this place.
 F = Levels seen in this place.
 G = Mean time per level.
                   A        B        C        D        E       F      G
               +--------+--------+--------+--------+--------+-----+--------+
         Total |   5424 |   4974 |    450 |    259 |   3508 |   8 |  678.0 |
       Dungeon |   5252 |   4835 |    417 |    259 |   3423 |   7 |  750.3 |
        Temple |    171 |    138 |     33 |      0 |     85 |   1 |  171.0 |
               +--------+--------+--------+--------+--------+-----+--------+

Top non-repeatable levels by time:
     D:4: 958 daAuts
     D:6: 859 daAuts
     D:1: 845 daAuts
     D:2: 800 daAuts
     D:3: 793 daAuts
     D:5: 734 daAuts
     D:7: 261 daAuts
  Temple: 171 daAuts
